 Dungeon Crawl Stone Soup version 0.20-a0-502-g555d78b (webtiles) character file.

61824 nono the Spry (level 15, -22/99 HPs)
             Began as a Halfling Berserker on Jan 20, 2017.
             Was a High Priest of Trog.
             Killed from afar by an ogre mage (54 damage)
             ... with a crystal spear
             ... on level 2 of the Orcish Mines.
             The game lasted 01:28:53 (15477 turns).

nono the Spry (Halfling Berserker)                 Turns: 15477, Time: 01:28:55

Health: -22/99     AC: 26    Str: 23    XL:     15   Next: 43%
Magic:  15/15      EV: 17    Int:  7    God:    Trog [*****.]
Gold:   2121       SH:  0    Dex: 12    Spells: 14/14 levels left

rFire    + + .     SeeInvis +   U - +6 double sword of Gatajag {venom, +Fly rF++ Int+2 Dex-4}
rCold    . . .     Gourm    .   Q - +1 plate armour
rNeg     . . .     Faith    +   (shield currently unavailable)
rPois    +         Spirit   .   W - +2 helmet {SInv}
rElec    .         Reflect  .   V - +0 cloak
rCorr    .         Harm     .   Z - +0 pair of gloves
MR       ++++.                  (no boots)
Stlth    ..........             b - amulet of faith
Regen    1.3/turn               p - ring of poison resistance
                                y - ring of protection from magic

@: exhausted, regenerating, slowed, very slow
A: icy blue scales 1, mutation resistance 1
a: Berserk, Trog's Hand, Brothers in Arms, Burn Spellbooks, Renounce Religion,
Evoke Flight


You were on level 2 of the Orcish Mines.
You worshipped Trog.
Trog was extremely pleased with you.
You were very hungry.

You visited 3 branches of the dungeon, and saw 20 of its levels.

You collected 2121 gold pieces.

Inventory:

Hand Weapons
 a - a +3 dagger of venom
 I - a +0 scimitar of holy wrath
 U - the +6 double sword of Gatajag (weapon) {venom, +Fly rF++ Int+2 Dex-4}
   (Trog gifted it to you on level 5 of the Lair of Beasts)

   It poisons the flesh of those it strikes.
   It affects your intelligence (+2).
   It affects your dexterity (-4).
   It greatly protects you from fire.
   It lets you fly.
Armour
 Q - a +1 plate armour (worn)
 R - the +2 ring mail of the Peasants {rElec rPois MR+}
   (You found it on level 6 of the Lair of Beasts)

   It insulates you from electricity.
   It protects you from poison.
   It affects your resistance to hostile enchantments.
 V - a +0 cloak (worn)
 W - a +2 helmet of see invisible (worn)
 Z - a +0 pair of gloves (worn)
Jewellery
 b - an amulet of faith (around neck)
 d - a +3 amulet of reflection
 p - a ring of poison resistance (right hand)
 u - an uncursed amulet of regeneration
 y - a ring of protection from magic (left hand)
 N - an uncursed amulet of guardian spirit
 T - an uncursed amulet of magic regeneration
 X - an uncursed ring of resist corrosion
 Y - an uncursed ring of positive energy
Wands
 g - a wand of polymorph (10/24)
 i - a wand of paralysis (7/24)
 j - a wand of disintegration (10/24)
 k - a wand of acid (5/15)
 o - a wand of lightning (2/15)
 v - a wand of lightning (7/15)
 B - a wand of iceblast (5/15)
 O - a wand of flame (20/48)
Scrolls
 m - 2 scrolls of fog
 q - 3 scrolls of enchant weapon
 s - 5 scrolls of identify
 x - 2 scrolls of magic mapping
 A - 3 scrolls of enchant armour
 F - 3 scrolls of remove curse
 G - a scroll of recharging
 L - 3 scrolls of fear
 P - a scroll of brand weapon {unknown}
Potions
 f - 2 potions of invisibility
 l - 9 potions of curing
 t - 4 potions of flight
 z - a potion of haste
 C - a potion of might
 D - a potion of cancellation
 H - 2 potions of ambrosia
 J - 2 potions of heal wounds
 K - 2 potions of cure mutation
 M - 2 potions of agility {unknown}
 S - a potion of resistance
Comestibles
 c - 14 bread rations
 n - 3 royal jellies
 r - 10 beef jerkies
 w - 7 meat rations
 E - 3 fruits


   Skills:
 - Level 8.0 Fighting
 + Level 14.2 Long Blades
 + Level 15.2 Armour
 + Level 15.3 Dodging


You had 14 spell levels left.
You didn't know any spells.

Dungeon Overview and Level Annotations

Branches:
Dungeon (12/15)            Temple (0/1) D:4            Lair (6/6) D:10
 Shoals (0/4) Lair:4       Spider (0/4) Lair:4        Slime (0/5) Lair:6
    Orc (2/2) D:12
    Elf: Orc:2

Altars:
Gozag
Hepliaklqana
Kikubaaqudgha
Nemelex Xobeh
Sif Muna
Trog
Zin

Shops:
D:4 [   D:5 }   D:6 *   D:8 *


Innate Abilities, Weirdness & Mutations

You are small and have problems with some larger weapons.
You are somewhat resistant to further mutation.
You are partially covered in icy blue scales. (AC +2)


Message History

The ogre mage hits you but does no damage. x2
You hit the ogre mage.
The ogre mage is poisoned.
The ogre mage is lightly wounded.
The ogre mage hits you but does no damage.
The ogre mage completely misses you. The ogre mage hits you.
* * * LOW HITPOINT WARNING * * *
You barely miss the ogre mage.
The ogre mage is lightly wounded.
You feel the effects of Trog's Hand fading.
The ogre mage misses you.
The ogre mage hits you but does no damage.
The ogre mage completely misses you.
You slash the ogre mage!
The ogre mage looks as sick as possible!
The ogre mage is moderately wounded.
The ogre mage hits you but does no damage.
The ogre mage points at you and mumbles some strange words.
The crystal spear hits you!
Ouch! That really hurt!
You die...

##<....#.###.##.##..# #..
##......#.##......#..# ....
#....#........##.##..#.O...
##........##.######....OO..
##.#.##.###### ##.#....OOO.
###.....#####.## #..O..#...O.
##....#.## #...####)#..# ...
#....##..####..##)##.#..## .
...###....##....@)O......######
...##.....#.....)O)...#........
#.####........#......#.........
..#..#.........##..###[)..##. .
......#.......###...#.#[.#.##..
............###..............#.
......................#.......#
#.....................##......#
.....................#.........


You could see 2 ogre magi.

Vanquished Creatures
  A frost giant (D:12)
  An ettin (Orc:2)
  4 hydras
  2 catoblepae
  7 death yaks
  12 two-headed ogres
  A deep troll shaman (Lair:6)
  Nergalle (D:10)
  An unseen horror (D:11)
  An orc knight (Orc:1)
  14 cyclopes (D:12)
  17 elephants
  3 black mambas
  A centaur zombie (D:11)
  Joseph (D:7)
  5 spiny frogs
  2 rime drakes
  4 komodo dragons
  3 polar bears
  2 hornets
  5 trolls
  6 slime creatures (D:12)
  16 blink frogs
  8 hippogriffs
  5 dream sheep (Lair:6)
  A wyvern (Lair:2)
  2 basilisks (Lair:3)
  39 yaks
  A hungry ghost (D:11)
  4 wargs
  3 black bears
  3 porcupines
  13 water moccasins
  Duvessa (D:7)
  7 orc warriors
  A sky beast (D:12)
  A hornet zombie (D:8)
  3 ice beasts
  2 necrophages
  3 phantoms
  21 ogres
  14 wolves
  A centaur (D:8)
  7 crocodiles
  4 big kobolds
  9 bullfrogs
  A wyvern zombie (D:10)
  3 scorpions
  A water moccasin skeleton (D:6)
  Dowan (D:7)
  15 killer bees
  9 wights
  5 howler monkeys
  2 electric eels (D:12)
  7 crimson imps
  A bullfrog zombie (D:11)
  7 orc priests
  4 hounds
  2 jellies
  A quasit (D:8)
  A bullfrog skeleton (D:7)
  A gnoll shaman (D:6)
  5 iguanas
  16 orc wizards
  7 worker ants
  3 hell rats (Lair:4)
  3 hound zombies
  A hound skeleton (D:6)
  A worker ant zombie (D:9)
  4 gnolls (D:6)
  14 adders
  3 river rats (Lair:4)
  3 shadow imps
  2 oozes
  3 worms (D:2)
  2 dart slugs
  6 leopard geckos
  50 orcs
  2 giant cockroaches (D:3)
  7 goblins
  11 hobgoblins
  12 jackals
  2 quokkas (D:4)
  A ball python (D:2)
  7 bats
  5 frilled lizards
  21 kobolds
  A leopard gecko skeleton (D:8)
  11 rats
  2 plants
529 creatures vanquished.

Vanquished Creatures (collateral kills)
  A hydra (Lair:6)
  A dream sheep (Lair:6)
  A black bear (D:10)
3 creatures vanquished.

Vanquished Creatures (others)
  2 fungi
  5 plants (Lair:2)
7 creatures vanquished.

Grand Total: 539 creatures vanquished

Notes
Turn   | Place    | Note
-------+----------+-------------------------------------------
     0 | D:1      | nono the Halfling Berserker began the quest for the Orb.
     0 | D:1      | Reached XP level 1. HP: 15/15 MP: 1/1
   113 | D:1      | Reached XP level 2. HP: 16/20 MP: 2/2
   499 | D:1      | Reached XP level 3. HP: 22/25 MP: 3/3
   557 | D:1      | Reached ** piety under Trog
   915 | D:2      | Reached XP level 4. HP: 28/30 MP: 4/4
  1220 | D:2      | Reached XP level 5. HP: 35/35 MP: 5/5
  1518 | D:3      | Reached *** piety under Trog
  2065 | D:4      | Reached XP level 6. HP: 39/41 MP: 6/6
  2136 | D:4      | Found Liaph's Antique Armour Boutique.
  2313 | D:4      | Found a staircase to the Ecumenical Temple.
  2862 | D:5      | Entered Level 5 of the Dungeon
  3321 | D:5      | Noticed a phantom
  3340 | D:5      | Found Waeqih's Gadget Shoppe.
  3493 | D:6      | Reached skill level 5 in Long Blades
  3493 | D:6      | Reached XP level 7. HP: 45/45 MP: 7/7
  3500 | D:6      | Reached skill level 5 in Armour
  3615 | D:6      | Reached skill level 5 in Dodging
  3759 | D:6      | Found Nageti's General Store.
  3793 | D:6      | Reached **** piety under Trog
  3793 | D:6      | Reached XP level 8. HP: 51/51 MP: 8/8
  4261 | D:7      | Reached XP level 9. HP: 55/55 MP: 9/9
  4280 | D:7      | Noticed Dowan
  4283 | D:7      | Noticed Duvessa
  4297 | D:7      | Killed Dowan
  4308 | D:7      | Killed Duvessa
  4517 | D:7      | Noticed Joseph
  4535 | D:7      | Killed Joseph
  4781 | D:7      | Received a gift from Trog
  4862 | D:8      | Found Zin's Purification Station.
  4916 | D:8      | Found a glowing silver altar of Zin.
  4950 | D:8      | Found a bloodstained altar of Trog.
  4952 | D:8      | Found a hazy altar of Hepliaklqana.
  5027 | D:8      | Reached XP level 10. HP: 60/60 MP: 10/10
  5671 | D:9      | Received a gift from Trog
  5908 | D:9      | Reached ***** piety under Trog
  6065 | D:9      | Found an ancient bone altar of Kikubaaqudgha.
  6371 | D:9      | Found an opulent altar of Gozag.
  6429 | D:10     | Entered Level 10 of the Dungeon
  6555 | D:10     | Reached skill level 10 in Dodging
  6566 | D:10     | Reached skill level 10 in Armour
  6650 | D:10     | Noticed Nergalle
  6661 | D:10     | Killed Nergalle
  6661 | D:10     | Reached XP level 11. HP: 65/65 MP: 11/11
  6757 | D:10     | Found a staircase to the Lair.
  6879 | D:10     | Noticed a two-headed ogre
  6896 | D:10     | Killed a two-headed ogre
  6896 | D:10     | Reached skill level 10 in Long Blades
  6912 | D:10     | Found a sparkling altar of Nemelex Xobeh.
  7033 | Lair:1   | Entered Level 1 of the Lair of Beasts
  7828 | Lair:2   | Got a steaming scale mail
  7839 | Lair:2   | Identified the +3 scale mail of Card Tricks {-Tele rF+ rN++ Str+8 Dex-3} (You found it on level 2 of the Lair of Beasts)
  7986 | Lair:2   | Reached XP level 12. HP: 36/71 MP: 12/12
  8997 | Lair:3   | Reached skill level 5 in Fighting
  9505 | Lair:4   | Noticed a catoblepas
  9536 | Lair:4   | Killed a catoblepas
  9684 | Lair:4   | Received a gift from Trog
  9703 | Lair:4   | Found a staircase to the Shoals.
 10094 | Lair:4   | Reached XP level 13. HP: 80/87 MP: 13/13
 10309 | Lair:4   | Found a hole to the Spider Nest.
 10421 | Lair:4   | Noticed a seven-headed hydra
 10430 | Lair:4   | Noticed a seven-headed hydra
 10460 | Lair:4   | Killed a seven-headed hydra
 10486 | Lair:4   | HP: 2/87 [seven-headed hydra (5)]
 10487 | Lair:4   | Killed a seven-headed hydra
 10861 | Lair:5   | Received a gift from Trog
 10866 | Lair:5   | Got an ivory double sword {god gift}
 10867 | Lair:5   | Identified the +6 double sword of Gatajag {venom, +Fly rF++ Int+2 Dex-4} (Trog gifted it to you on level 5 of the Lair of Beasts)
 11190 | Lair:5   | Noticed an eight-headed hydra
 11204 | Lair:5   | Killed an eight-headed hydra
 11463 | Lair:5   | Gained mutation: You are partially covered in icy blue scales. (AC +2) [potion of mutation]
 11525 | Lair:6   | Entered Level 6 of the Lair of Beasts
 11729 | Lair:6   | Noticed a four-headed hydra
 11738 | Lair:6   | Killed a six-headed hydra
 11825 | Lair:6   | Reached XP level 14. HP: 64/93 MP: 14/14
 12274 | Lair:6   | Found a staircase to the Slime Pits.
 12667 | Lair:6   | Got a heavily runed ring mail
 12678 | Lair:6   | Identified the +2 ring mail of the Peasants {rElec rPois MR+} (You found it on level 6 of the Lair of Beasts)
 13547 | D:12     | Received a gift from Trog
 13966 | D:12     | HP: 3/93 [cyclops/large rock (9)]
 14266 | D:12     | Noticed a frost giant
 14301 | D:12     | Got an ancient trident
 14302 | D:12     | Identified the +4 trident "Oduen" {holy, *Corrode *Slow Str+5 Int+9} (You found it on level 12 of the Dungeon)
 14311 | D:12     | Got a sapphire hand crossbow
 14312 | D:12     | Identified the +10 hand crossbow of Loex {penet, Fragile +Blink rC++} (You found it on level 12 of the Dungeon)
 14326 | D:12     | Killed a frost giant
 14365 | D:12     | Got a polished trident
 14366 | D:12     | Identified the +8 trident "Garercho" {holy, rF+} (You found it on level 12 of the Dungeon)
 14584 | D:12     | Reached XP level 15. HP: 57/99 MP: 15/15
 14698 | D:12     | Found a staircase to the Orcish Mines.
 14755 | Orc:1    | Entered Level 1 of the Orcish Mines
 14781 | Orc:1    | Found a bloodstained altar of Trog.
 15111 | Orc:2    | Entered Level 2 of the Orcish Mines
 15117 | Orc:2    | Reached skill level 15 in Dodging
 15283 | Orc:2    | Found a deep blue altar of Sif Muna.
 15436 | Orc:2    | Reached skill level 15 in Armour
 15477 | Orc:2    | Killed from afar by an ogre mage

Vault maps used:
D:1:      minmay_arrival_four_circles
D:3:      first_bread, kennysheep_generic_room_11
D:4:      serial_shops, nicolae_shop_trees
D:5:      serial_shops, shop
D:6:      serial_shops, shop
D:7:      uniq_joseph, uniq_duvessa
D:8:      zin_purify, minitemple, kennysheep_generic_room_4
D:9:      lemuel_coloured_pillars_altar, lemuel_doored_altar
D:10:     dpeg_oklobed_lair, basic_altar, uniq_nergalle
D:12:     giant_chief_lemuel, david_orc_3, portal_ice_cave_entry_pillars_1
Lair:2:   wad_woods_04
Lair:3:   minmay_hedge_maze
Lair:4:   shoals_dummy_entry, dummy_spider_entry, kennysheep_abandoned_house,
          grunt_megastairs_1
Lair:5:   beast_lair_carwin_large_3, serial_bayou_ford_a
Lair:6:   grunt_lair_end_beastmaster, slime_dummy, serial_bayou_pond_e,
          infiniplex_staircase_pool_2
Orc:1:    bloody_trog
Orc:2:    st_orc_ogre_mass, led_sif_book

Skill      XL: |  1  2  3  4  5  6  7  8  9 10 11 12 13 14 15 |
---------------+----------------------------------------------+-----
Armour         | 3 4 5 7 8 10 11 12 13 14 15 | 15.2
Dodging        | 3 4 5 6 8 10 11 12 13 14 15 | 15.3
Long Blades    | 4 5 6 8 9 10 11 12 13 14 | 14.2
Fighting       | 8 |  8.0

Action                   |  1- 3 |  4- 6 |  7- 9 | 10-12 | 13-15 || total
-------------------------+-------+-------+-------+-------+-------++-------
Melee: Falchion          |    69 |    22 |   442 |       |       ||   533
       Dagger            |    48 |   381 |       |   630 |   150 ||  1209
       Long sword        |       |       |    14 |   537 |    10 ||   561
       Double sword      |       |       |       |       |   644 ||   644
Invok: Berserk           |     2 |     2 |     9 |    10 |     9 ||    32
       Trog's Hand       |       |       |     1 |    10 |    13 ||    24
       Burn Spellbooks   |       |       |       |     1 |     4 ||     5
       Brothers in Arms  |       |       |       |       |     5 ||     5
Evoke: Wand              |       |       |       |     2 |     3 ||     5
  Use: Scroll            |       |       |     1 |    16 |     9 ||    26
       Potion            |       |       |     1 |     5 |     5 ||    11
 Stab: Petrified         |       |       |       |       |     4 ||     4
       Distracted        |       |       |       |       |     1 ||     1
       Petrifying        |       |       |       |       |     1 ||     1
  Eat: Chunk             |     1 |     9 |    16 |    29 |    29 ||    84
       Meat ration       |     1 |       |       |       |       ||     1
       Fruit             |       |     1 |       |       |       ||     1
       Pizza             |       |       |       |     1 |     3 ||     4
Armor: Animal skin       |     5 |       |       |       |       ||     5
       Chain mail        |    29 |   133 |    90 |       |       ||   252
       Plate armour      |       |       |    68 |   422 |   416 ||   906
       Skin              |       |       |       |       |     9 ||     9
       Ring mail         |       |       |       |       |    28 ||    28
Dodge: Dodged            |    70 |   284 |   397 |   868 |   743 ||  2362
Block: Other             |    10 |     5 |       |       |       ||    15
       Rpst.: Falchion   |    13 |     3 |   109 |       |       ||   125
       Long sword        |       |       |     6 |   172 |     3 ||   181
       Double sword      |       |       |       |       |   119 ||   119
